 Dungeon Crawl Stone Soup version 0.30-a0-141-g30f27751c5 (webtiles) character file.

Game seed: 8919684862086775791

52 ytrimaz the Insei (level 3, -1/23 HPs)
             Began as an Octopode Transmuter on Sept 25, 2022.
             Succumbed to an adder's poison
             ... on level 3 of the Dungeon.
             The game lasted 00:05:25 (2357 turns).

ytrimaz the Insei (Octopode Transmuter)             Turns: 2357, Time: 00:05:25

Health: -1/23      AC:  3    Str:  9    XL:     3   Next: 85%
Magic:  6/6        EV: 13    Int: 15    God:
Gold:   108        SH:  0    Dex: 12    Spells: 1/7 levels left

rFire   . . .      SeeInvis .      - Unarmed
rCold   . . .      Faith    .    (no shield)
rNeg    . . .      Spirit   .    (helmet restricted)
rPois   .          Reflect  .    k - amulet of the acrobat
rElec   .          Harm     .    (no ring)
rCorr   .          Rampage  .    (no ring)
Will    .....                    (no ring)
Stlth   ++........               (no ring)
HPRegen 0.07/turn                (no ring)
MPRegen 0.10/turn                (no ring)
                                 (no ring)
                                 (no ring)

@: lethally poisoned (-1 -> -6)
A: almost no armour, amphibious, 8 rings, camouflage 1, gelatinous body 1,
(nimble swimmer 1), tentacles, iridescent scales 1, dopey 1, MP-powered wands
a: no special abilities


You were on level 3 of the Dungeon.
You visited 1 branch of the dungeon, and saw 3 of its levels.

You collected 108 gold pieces.


Innate Abilities, Weirdness & Mutations

You cannot wear most types of armour.
You are amphibious.
You can wear up to eight rings at the same time.
Your skin changes colour to match your surroundings (Stealth+).
Your rubbery body absorbs attacks. (AC +1, EV +1)
((You are camouflaged when in or above water. (Stealth+)))
You have tentacles for arms and can constrict up to eight enemies at once.
You are partially covered in iridescent scales. (AC +2)
You are dopey. (Int -2)
You expend magic power (3 MP) to strengthen your wands.


   Skills:
 - Level 1.0 Fighting
 - Level 2.0 Dodging
 - Level 3.0 Unarmed Combat
 + Level 2.5 Spellcasting
 + Level 2.6 Transmutations
 + Level 1.4 Ice Magic
 + Level 1.7 Poison Magic


You had one spell level left.
You knew the following spells:

 Your Spells              Type           Power      Damage    Failure   Level
a - Beastly Appendage     Tmut           18%        N/A       8%          1
b - Wereblood             Tmut           9%         N/A       11%         2
c - Spider Form           Tmut/Pois      8%         N/A       26%         3

Your spell library contained the following spells:

 Spells                   Type           Power      Damage    Failure   Level
 Magic Dart               Conj           4%         1d3       22%         1
 Slow                     Hex            4%         N/A       22%         1
 Confusing Touch          Hex            1%         N/A       54%         3
 Vampiric Draining        Necr           1%         2d6       54%         3
 Ice Form                 Ice/Tmut       8%         N/A       65%         4

Inventory:

Jewellery
 e - an amulet of faith
   (You found it on level 2 of the Dungeon)
 k - an amulet of the acrobat (around mantle)
   (You found it on level 3 of the Dungeon)
Scrolls
 c - 2 scrolls of fear
 d - a scroll of silence
 j - a scroll of enchant weapon
Potions
 a - a potion of lignification
 b - a potion of mutation
 f - a potion of magic
 i - a potion of heal wounds {unknown}
 l - 2 potions of haste {unknown}

Dungeon Overview and Level Annotations

Branches:
Dungeon (3/15) Zot: 15647

Altars:

######## #......#
#......# #......#
#)S....# #@.....#
##......# ###
#.......# #..
#.##.####
#.######.# .#
#.#....#.# .#
########.#....#.#
#
......##.#......#
......##.#.....##


You could see an adder.


Message History

A kobold is nearby!
Unknown command.
One of your tentacles grows a vicious spike.
The kobold hits you with a +0 club. 😕 HP[-4] MP[-1]
You take 4 damage, and now have 19/23 hp.
You lost 1 mp, and now have 5/6 mp.
Unknown command.
You closely miss the kobold. You grab the kobold.
You pierce the kobold.
You kill the kobold!
Things that are here:
a +0 club; 4 poisoned darts No target in view!
Unknown command.
Your transformation is almost over.
Your tentacle spike disappears.
Key pressed, stopping explore.
Key pressed, stopping explore.
An adder comes into view. 😎 HP[+4] MP[+1]
Your hp is fully restored (23).
Your mp is fully restored (6).
Unknown command.
An adder is nearby!
An adder is nearby!
An adder is nearby!
A goblin comes into view. It is wielding a +2 dagger of venom.
One of your tentacles grows a vicious spike. 😎 MP[-1]
You lost 1 mp, and now have 5/6 mp.
Unknown command.
Your transformation is almost over.
The goblin hits you with a +2 dagger of venom.
You are poisoned. 😕 HP[-1]
You take 1 damage, and now have 22/23 hp.
You tentacle-slap the goblin. You grab the goblin.
Your squeeze misses the goblin. You constrict the goblin.
You feel very sick.
The adder hisses angrily.
The goblin barely misses you. 😕 HP[-3]
You take 3 damage, and now have 19/23 hp.
You tentacle-slap the goblin.
You kill the goblin!
You feel sick. The adder bites you.
You are more poisoned.
The adder poisons you! The adder bites you.
You are lethally poisoned!
The adder poisons you! 😮 HP[-5]
You take 5 damage, and now have 14/23 hp.
MASSIVE DAMAGE!! (PAUSE)
You miss the adder. You grab the adder.
You constrict the adder, but do no damage.
* * * LOW HITPOINT WARNING * * *
You feel very sick. The adder barely misses you. 😨 HP[-3]
You take 3 damage, and now have 11/23 hp.
Unknown command.
It was a potion of mutation.
You feel extremely strange.
You feel your magical essence link to the dungeon's wands.
You feel stupid.
Iridescent scales grow over part of your body.
You constrict the adder.
* * * LOW HITPOINT WARNING * * *
You feel very sick. The adder bites you.
* * * LOW HITPOINT WARNING * * *
Attack: -) Tentacles
Press: ? - help, Dir - move target, f - adder
Aim: an adder (lightly wounded, constricted by you, about 23% to evade your tentacles)
You tentacle-slap the adder.
You pierce the adder.
You constrict the adder.
* * * LOW HITPOINT WARNING * * *
You feel sick. The adder barely misses you. 😱 HP[-8]
You take 8 damage, and now have 3/23 hp.
MASSIVE DAMAGE!! (PAUSE) Really quaff the potion of lignification?
Your tentacle spike disappears.
You turn into a tree.
Your roots penetrate the ground.
You lose your grip on the adder.
* * * LOW HITPOINT WARNING * * *
You feel sick. The adder barely misses you.
You now have 34 max hp (+11).
Unknown command.
It was a potion of invisibility.
You fade into invisibility!
* * * LOW HITPOINT WARNING * * *
You feel sick.
The adder bites you but does no damage. x2 😱 HP[-1] MP[+1]
You take 1 damage, and now have 2/34 hp.
Your mp is fully restored (6).
Unknown command.
It was a potion of cancellation.
Your magical effects are unravelling.
You feel magically purged.
You feel less wooden.
You flicker back into view.
You die...

Skill      XL: |  1  2 |
---------------+-------+-----
Poison Magic   | 1 |  1.7
Ice Magic      | 1 |  1.4
Fighting       | |  1.0
Dodging        | |  2.0
Unarmed Combat | |  3.0
Spellcasting   | |  2.5
Transmutations | |  2.6

Action                   || total
-------------------------++-------
Melee: Unarmed           ||    91
       Constrict         ||    26
       Kick              ||    18
       Tentacles         ||    16
       Punch             ||     2
 Cast: Beastly Appendage ||    21
  Use: Scroll            ||     7
       Potion            ||     4
 Stab: Sleeping          ||     7
Armor: Skin              ||    13
Dodge: Dodged            ||    78

Levels and vault maps discovered:
D:1:      heliophobic_arrival_henge, layout_basic
D:2:      layout_basic, shapermc_ecumenical_altar_rom_forum
D:3:      minmay_angry_zag, layout_rooms, uniq_terence

Notes
Turn   | Place    | Note
-------+----------+-------------------------------------------
     0 | D:1      | ytrimaz the Octopode Transmuter began the quest for the
                  | Orb.
     0 | D:1      | Reached XP level 1. HP: 13/13 MP: 3/3
     0 | D:1      | magus.rc [v1.9.6]
   449 | D:1      | Reached XP level 2. HP: 17/18 MP: 5/5
   659 | D:1      | Reached skill level 1 in Poison Magic
   674 | D:1      | Reached skill level 1 in Ice Magic
   793 | D:1      | You pick up a book of Debilitation and begin reading...
   793 | D:1      | You add the spells Slow, Vampiric Draining and Confusing
                  | Touch to your library.
  1118 | D:1      | Reached XP level 3. HP: 23/23 MP: 4/6
  1437 | D:2      | Learned a level 2 spell: Wereblood
  1441 | D:2      | Learned a level 3 spell: Spider Form
  1499 | D:2      | Found a faded altar of an unknown god.
  1509 | D:2      | Got Plato's Excursus on Arcane Weapons
  2353 | D:3      | Gained mutation: You expend magic power (3 MP) to
                  | strengthen your wands. [potion of mutation]
  2353 | D:3      | Gained mutation: You are dopey. (Int -2) [potion of
                  | mutation]
  2353 | D:3      | Gained mutation: You are partially covered in iridescent
                  | scales. (AC +2) [potion of mutation]
  2353 | D:3      | HP: 5/23 [adder (3)]
  2356 | D:3      | HP: 2/34 [poisoned by an adder]
  2357 | D:3      | Succumbed to an adder's poison

Vanquished Creatures
  An adder (D:3)
  A dart slug (D:1)
  5 endoplasms
  3 giant cockroaches
  A goblin (D:3)
  A hobgoblin (D:1)
  3 jackals (D:1)
  5 kobolds
  2 quokkas
  2 ball pythons (D:1)
  5 bats
  6 frilled lizards
  5 rats
40 creatures vanquished.

Vanquished Creatures (others)
  A plant (D:2)
1 creature vanquished.

Grand Total: 41 creatures vanquished

Table legend:
 A = Non-vault XP
 B = Vault XP
 C = Vault XP percentage of total XP
 D = Non-vault monster count
 E = Vault monster count
 F = Vault count percentage of total count
                 A         B        C        D         E       F
            +---------+---------+-------+---------+---------+-------
      Total |      75 |       0 |   0.0 |      40 |       0 |   0.0
            +---------+---------+-------+---------+---------+-------
        D:1 |      37 |       0 |   0.0 |      22 |       0 |   0.0
        D:2 |      15 |       0 |   0.0 |      11 |       0 |   0.0
        D:3 |      23 |       0 |   0.0 |       7 |       0 |   0.0
            +---------+---------+-------+---------+---------+-------

Illustrated notes

Table legend:
 A = Kills in this place as a percentage of kills in entire the game.
 B = Kills by you in this place as a percentage of kills by you in the entire game.
 C = Kills by friends in this place as a percentage of kills by friends in the entire game.
 D = Other kills in this place as a percentage of other kills in the entire game.
 E = Experience gained in this place as a percentage of experience gained in the entire game.
 F = Experience gained in this place divided by the number of levels of this place that you have seen.
                   A       B       C       D       E      F
               +-------+-------+-------+-------+-------+----------------------
         Total | 100.0 | 100.0 |   N/A |   N/A | 100.0 |  25.0
       Dungeon | 100.0 | 100.0 |   N/A |   N/A | 100.0 |  25.0
               +-------+-------+-------+-------+-------+----------------------

Table legend: (Time is in decaauts)
 A = Elapsed time spent in this place.
 B = Non-inter-level travel time spent in this place.
 C = Inter-level travel time spent in this place.
 D = Time resting spent in this place.
 E = Time spent auto-exploring this place.
 F = Levels seen in this place.
 G = Mean time per level.
                   A        B        C        D        E       F      G
               +--------+--------+--------+--------+--------+-----+--------+
         Total |   2352 |   2323 |     29 |    100 |   1844 |   3 |  784.0 |
       Dungeon |   2352 |   2323 |     29 |    100 |   1844 |   3 |  784.0 |
               +--------+--------+--------+--------+--------+-----+--------+

Top non-repeatable levels by time:
     D:1: 1294 daAuts
     D:2: 844 daAuts
     D:3: 212 daAuts
